 Dungeon Crawl Stone Soup version 0.17-a0-776-gd86b262 (webtiles) character file.

4926 inmateoo the Dealer of Despair (level 10, -5/51 HPs)
             Began as a Vine Stalker Necromancer on Apr 24, 2015.
             Was an Elder of Kikubaaqudgha.
             Slain by a boring beetle (15 damage)
             ... on level 9 of the Dungeon.
             The game lasted 00:19:04 (7635 turns).

inmateoo the Dealer of Despair (VSNe)               Turns: 7635, Time: 00:19:04

Health: -5/51      AC: 14    Str: 11    XL:     10   Next: 52%
Magic:  0/18       EV: 14    Int: 18    God:    Kikubaaqudgha [****..]
Gold:   598        SH:  0    Dex: 15    Spells: 5 memorised, 2 levels left

rFire  . . .     SeeInvis .     q - +5 whip (freeze)
rCold  + . .     Clarity  .     w - +3 ring mail {rPois}
rNeg   . . .     SustAb   .     (no shield)
rPois  +         Gourm    .     i - +0 helmet
rElec  .         Spirit   +     N - +1 cloak
rCorr  .         Warding  .     o - +0 pair of gloves
rMut   +         Stasis   .     (no boots)
MR     +....                    F - amulet of resist mutation
Stlth  +++.......               (no ring)
                                k - +2 ring of evasion

@: somewhat resistant to hostile enchantments, fairly stealthy
A: fangs 3, cold resistance 1, low mp 1, regeneration 2, shaggy fur 1, wild
magic 1, magic shield, antimagic bite, no device heal 3, rot immunity
a: Receive Corpses, Renounce Religion


You were on level 9 of the Dungeon.
You worshipped Kikubaaqudgha.
Kikubaaqudgha was greatly pleased with you.
You were not hungry.

You visited 1 branch of the dungeon, and saw 9 of its levels.

You collected 598 gold pieces.

Inventory:

Hand weapons
 a - a +0 blowgun
 q - a +5 whip of freezing (weapon)
Missiles
 m - 11 javelins (quivered)
 z - 41 poisoned needles
 H - 3 curare-tipped needles
Armour
 i - a +0 helmet (worn)
 o - a +0 pair of gloves (worn)
 w - a +3 ring mail of poison resistance (worn)
 N - a +1 cloak (worn)
Jewellery
 k - a +2 ring of evasion (left hand)
 v - an uncursed ring of teleportation
 F - an amulet of resist mutation (around neck)
Magical devices
 h - a wand of paralysis (16)
 u - a wand of fire (5)
 y - a wand of fireball (8)
 Q - a wand of polymorph (0)
 T - a wand of teleportation (3)
Scrolls
 g - 2 scrolls of enchant armour
 E - a scroll of enchant weapon
 J - a scroll of magic mapping
 L - 2 scrolls of teleportation
 M - 3 scrolls of remove curse
Potions
 e - 3 potions of agility
 j - 4 potions of might
 p - a potion of brilliance
 r - a potion of curing {unknown}
 s - 3 potions of restore abilities {unknown}
 t - a potion of ambrosia {unknown}
 x - a potion of cancellation
 A - a potion of cure mutation
 B - 2 potions of haste {unknown}
 C - a potion of resistance
Books
 b - a book of Necromancy

   Spells                             Type                      Level
   a - Pain                           Necromancy                   1
   b - Animate Skeleton               Necromancy                   1
   c - Vampiric Draining              Necromancy                   3
   d - Regeneration                   Charms/Necromancy            3
   e - Animate Dead                   Necromancy                   4
   f - Control Undead                 Necromancy                   4
 d - Kikubaaqudgha's Guide on Dark Secrets
   (Kikubaaqudgha gifted it to you on level 6 of the Dungeon)

   Spells                             Type                      Level
   a - Animate Dead                   Necromancy                   4
   b - Bolt of Draining               Conjuration/Necromancy       5
   c - Agony                          Necromancy                   5
   d - Cigotuvi's Embrace             Necromancy                   5
   e - Dispel Undead                  Necromancy                   5
 f - Kikubaaqudgha's Almanac of Black Rituals
   (Kikubaaqudgha gifted it to you on level 3 of the Dungeon)

   Spells                             Type                      Level
   a - Animate Skeleton               Necromancy                   1
   b - Corpse Rot                     Necromancy                   2
   c - Sublimation of Blood           Necromancy                   2
   d - Regeneration                   Charms/Necromancy            3
   e - Control Undead                 Necromancy                   4
 D - a book of Envenomations

   Spells                             Type                      Level
   a - Spider Form                    Transmutation/Poison         3
   b - Alistair's Intoxication        Transmutation/Poison         4
   c - Olgreb's Toxic Radiance        Poison                       4
   d - Poisonous Cloud                Conjuration/Poison/Air       6
 K - a book of the Warp

   Spells                             Type                      Level
   a - Recall                         Summoning/Translocation      3
   b - Gell's Gravitas                Hexes/Translocation          3
   c - Control Teleport               Charms/Translocation         4
   d - Force Lance                    Conjuration/Translocation    4
   e - Phase Shift                    Translocation                5
   f - Warp Weapon                    Charms/Translocation         5
   g - Summon Forest                  Summoning/Translocation      5
Comestibles
 c - 6 bread rations
 l - 3 meat rations
 G - 2 beef jerkies
 I - 3 fruits
 O - 4 chunks of flesh


   Skills:
 + Level 4.5 Fighting
 * Level 6.0 Maces & Flails
 + Level 3.1 Armour
 + Level 4.9 Dodging
 - Level 6.0 Stealth
 + Level 5.9 Spellcasting
 * Level 8.9 Necromancy


You had 2 spell levels left.
You knew the following spells:

 Your Spells              Type           Power        Failure   Level  Hunger
a - Pain                  Necr           ####         3%          1    None
b - Bolt of Draining      Conj/Necr      ####......   99%         5    #####..
c - Regeneration          Chrm/Necr      ####......   30%         3    ##.....
d - Animate Dead          Necr           N/A          19%         4    ####...
e - Dispel Undead         Necr           ######..     38%         5    #####..


Dungeon Overview and Level Annotations

Branches:
Dungeon (9/15)             Temple (0/1) D:6            Lair (0/8) D:9
    Orc (0/4) D:9

Altars:
Elyvilon
Kikubaaqudgha
Okawaru
Sif Muna
Zin


Innate Abilities, Weirdness & Mutations

You have razor-sharp teeth.
You heal very quickly.
You are covered in fur (AC +1).
When hurt, damage is shared between your health and your magic reserves.
Your bite disrupts and absorbs the magic of your enemies.
Potions and wands cannot restore your health.
You are immune to rotting.
Your flesh is cold resistant.
Your magical capacity is low (-10% MP).
Your spells are a little harder to cast, but a little more powerful.


Message History

The bat closely misses you. The bat misses you. The boring beetle bites you!
You hit the boring beetle but do no damage.
The boring beetle is almost dead.
The bat closely misses you.
You barely miss the boring beetle.
The boring beetle is almost dead.
The bat barely misses you. The boring beetle bites you!
* * * LOW HITPOINT WARNING * * *
You are too injured to fight recklessly!
You are too injured to fight recklessly!
You hit the boring beetle but do no damage.
You bite the boring beetle. You drain its power.
You feel invigorated.
The boring beetle is almost dead.
The bat hits you but does no damage.
You hit the boring beetle. You freeze the boring beetle.
You bite the boring beetle, but do no damage.
The boring beetle is almost dead.
The bat barely misses you. The boring beetle bites you!!
You die...
Kikubaaqudgha rasps: "You have failed me!
Welcome... death!"

......#.#.......#................
.................................
.......)...#.......... ....#...[
.....#...................#...#...
..........##.....................
.#.#.#.#...#...#.................
.รท#######.###.....b...>..........
.## ### ##......#............ .#
#...@.........#.....) ##
##...B............... #
##..............###.
##..............# #.. #####
####....##........#####. ....#
#.#.....#.........##.##. .##.#
#.....................#. #.#.#
##.#...#.....#.....##.... .#..##
##.#...............#.#....


You could see a boring beetle and a bat.

Vanquished Creatures
  A harpy (D:9)
  Prince Ribbit (D:9)
  A boulder beetle (D:8)
  Eustachio (D:5)
  2 hungry ghosts (D:8)
  Grum (D:8)
  3 wolves (D:8)
  An orc warrior (D:8)
  A sky beast (D:6)
  A black bear (D:9)
  3 ogres
  A phantom (D:9)
  2 centaurs
  A crocodile (D:9)
  A necrophage (D:8)
  5 giant frogs
  4 scorpions
  A water moccasin skeleton (D:6)
  4 killer bees (D:8)
  4 wights (D:9)
  4 jellies
  A centaur zombie (D:9)
  3 crimson imps
  7 hounds
  A centaur skeleton (D:6)
  An orc priest (D:9)
  An iguana (D:8)
  A giant frog skeleton (D:8)
  Terence (D:3)
  9 orc wizards
  3 worker ants
  2 killer bee zombies
  Robin (D:3)
  22 adders
  4 gnolls (D:5)
  A river rat (D:5)
  3 shadow imps
  An ooze (D:1)
  9 worms
  An adder skeleton (D:7)
  An adder zombie (D:9)
  5 giant geckos
  18 orcs
  5 ball pythons
  2 bat skeletons
  A bat zombie (D:6)
  14 hobgoblins
  11 kobolds
  4 quokkas
  17 bats
  5 giant cockroaches
  A giant gecko skeleton (D:5)
  2 giant newts (D:1)
  14 goblins
  4 jackals (D:4)
  A jackal skeleton (D:6)
  A jackal zombie (D:6)
  14 rats
235 creatures vanquished.

Notes
Turn   | Place    | Note
--------------------------------------------------------------
     0 | D:1      | inmateoo, the Vine Stalker Necromancer, began the quest for the Orb.
     0 | D:1      | Reached XP level 1. HP: 9/9 MP: 4/4
   131 | D:1      | Reached XP level 2. HP: 13/13 MP: 4/6
   501 | D:1      | Reached XP level 3. HP: 16/16 MP: 5/7
   837 | D:2      | Found an ancient bone altar of Kikubaaqudgha.
   848 | D:2      | Became a worshipper of Kikubaaqudgha
  1339 | D:2      | Reached XP level 4. HP: 17/21 MP: 2/8
  1595 | D:3      | Found an iron altar of Okawaru.
  1723 | D:3      | Noticed Terence
  1736 | D:3      | Killed Terence
  1842 | D:3      | Noticed Robin
  1853 | D:3      | Killed Robin
  1853 | D:3      | Reached XP level 5. HP: 20/24 MP: 1/10
  1865 | D:3      | Acquired Kikubaaqudgha's first power
  1865 | D:3      | Received a gift from Kikubaaqudgha
  1871 | D:3      | Identified Kikubaaqudgha's Almanac of Black Rituals (Kikubaaqudgha gifted it to you on level 3 of the Dungeon)
  1966 | D:3      | Reached skill level 5 in Necromancy
  2011 | D:3      | Learned a level 3 spell: Vampiric Draining
  2015 | D:3      | Learned a level 3 spell: Regeneration
  2581 | D:4      | Gained mutation: You heal very quickly. [Vine Stalker growth]
  2581 | D:4      | Reached XP level 6. HP: 28/28 MP: 12/12
  2667 | D:4      | Acquired Kikubaaqudgha's second power
  3117 | D:5      | Entered Level 5 of the Dungeon
  3401 | D:5      | Reached skill level 1 in Maces & Flails
  3409 | D:5      | Reached skill level 1 in Fighting
  3409 | D:5      | Reached XP level 7. HP: 31/33 MP: 13/13
  3529 | D:5      | Noticed Eustachio
  3605 | D:5      | Killed Eustachio
  3605 | D:5      | Reached skill level 6 in Necromancy
  3677 | D:5      | Reached skill level 5 in Stealth
  4061 | D:6      | Received a gift from Kikubaaqudgha
  4061 | D:6      | Gained mutation: You have razor-sharp teeth. [Vine Stalker growth]
  4061 | D:6      | Reached XP level 8. HP: 32/39 MP: 11/14
  4064 | D:6      | Identified Kikubaaqudgha's Guide on Dark Secrets (Kikubaaqudgha gifted it to you on level 6 of the Dungeon)
  4083 | D:6      | Learned a level 4 spell: Animate Dead
  4148 | D:6      | Gained mutation: Your flesh is cold resistant. [mutagenic meat]
  4149 | D:6      | Gained mutation: Your magical capacity is low (-10% MP). [mutagenic meat]
  4150 | D:6      | Gained mutation: You have a pair of small horns on your head. [mutagenic meat]
  4151 | D:6      | Gained mutation: Your spells are a little harder to cast, but a little more powerful. [mutagenic meat]
  4153 | D:6      | Lost mutation: You have a pair of small horns on your head. [mutagenic meat]
  4423 | D:6      | Reached skill level 7 in Necromancy
  4463 | D:6      | Found a staircase to the Ecumenical Temple.
  5107 | D:7      | Reached XP level 9. HP: 42/44 MP: 15/15
  5478 | D:8      | Learned a level 5 spell: Dispel Undead
  5526 | D:8      | Reached skill level 1 in Armour
  5642 | D:8      | Found a deep blue altar of Sif Muna.
  5642 | D:8      | Found a white marble altar of Elyvilon.
  5930 | D:8      | Acquired Kikubaaqudgha's third power
  6015 | D:8      | Found a glowing silver altar of Zin.
  6016 | D:8      | Found an iron altar of Okawaru.
  6078 | D:8      | Reached skill level 8 in Necromancy
  6090 | D:8      | Reached skill level 5 in Spellcasting
  6237 | D:9      | Found a staircase to the Orcish Mines.
  6242 | D:9      | Noticed Prince Ribbit
  6249 | D:9      | Killed Prince Ribbit
  6249 | D:9      | Reached skill level 5 in Maces & Flails
  6254 | D:9      | Noticed Grum
  6309 | D:8      | Reached XP level 10. HP: 30/49 MP: 12/17
  6350 | D:8      | Learned a level 5 spell: Bolt of Draining
  6539 | D:8      | Killed Grum
  7179 | D:9      | Noticed a harpy
  7179 | D:9      | a boring beetle changed into a harpy
  7198 | D:9      | Killed a harpy
  7500 | D:9      | Found a staircase to the Lair.
  7635 | D:9      | Slain by a boring beetle

Action                   |  1- 3 |  4- 6 |  7- 9 | 10-12 || total
-------------------------+-------+-------+-------+-------++-------
Melee: Unarmed           |    19 |       |       |       ||    19
       Whip              |     1 |   261 |   418 |   229 ||   909
 Fire: Blowgun           |       |       |    10 |       ||    10
 Cast: Pain              |    78 |    41 |       |     5 ||   124
Evoke: Wand              |       |       |       |    11 ||    11
  Use: Scroll            |       |    10 |     7 |     8 ||    25
 Stab: Sleeping          |     2 |       |     9 |     1 ||    12
       Distracted        |       |       |       |     1 ||     1
  Eat: Chunk             |     1 |     7 |    16 |     5 ||    29
       Royal jelly       |       |       |       |     1 ||     1
       Pizza             |       |       |       |     1 ||     1
